 Dungeon Crawl Stone Soup version 0.28-a0-1213-g0243856f03 (webtiles) character file.

Game seed: 4320045455455879737

27 frimble the Grasshopper (level 2, 0/22 HPs)
             Began as a Demonspawn Warper on Dec 22, 2021.
             Succumbed to an adder's poison
             ... on level 2 of the Dungeon.
             The game lasted 00:01:01 (1370 turns).

frimble the Grasshopper (Demonspawn Warper)         Turns: 1370, Time: 00:01:02

Health: 0/22       AC:  3    Str: 11    XL:     2   Next: 93%
Magic:  5/5        EV: 12    Int: 14    God:
Gold:   78         SH:  0    Dex: 12    Spells: 5/5 levels left

rFire   . . .      SeeInvis .   a - +1 falchion
rCold   . . .      Faith    .   (no shield)
rNeg    . . .      Spirit   .   b - +0 leather armour
rPois   .          Reflect  .   (helmet restricted)
rElec   .          Harm     .   (no cloak)
rCorr   .          Rampage  .   (no gloves)
Will    .....                   (no boots)
Stlth   +.........              (no amulet)
HPRegen 0.07/turn               (no ring)
MPRegen 0.09/turn               (no ring)

@: lethally poisoned (0 -> -9)
A: antennae 1
a: no special abilities


You were on level 2 of the Dungeon.
You visited 1 branch of the dungeon, and saw 3 of its levels.

You collected 78 gold pieces.

Inventory:

Hand Weapons
 a - a +1 falchion (weapon)
Missiles
 d - 3 boomerangs of dispersal (quivered)
Armour
 b - a +0 leather armour (worn)
Scrolls
 f - a scroll of immolation


   Skills:
 - Level 2.0 Fighting
 + Level 2.5 Long Blades
 - Level 0.8 Throwing
 - Level 0.8 Armour
 + Level 2.5 Dodging
 - Level 2.0 Spellcasting
 - Level 2.6 Translocations


You had 5 spell levels left.
You didn't know any spells.
Your spell library contained the following spells:

 Spells                   Type           Power      Damage    Failure   Level
 Blink                    Tloc           16%        N/A       16%         2
 Gell's Gravitas          Tloc           8%         N/A       30%         3
 Lesser Beckoning         Tloc           8%         N/A       30%         3
 Teleport Other           Tloc           8%         N/A       30%         3
 Manifold Assault         Tloc           8%         N/A       96%         5


Dungeon Overview and Level Annotations

Branches:
Dungeon (3/15)

Altars:


Innate Abilities, Weirdness & Mutations

You have a pair of small antennae on your head.


Message History

The adder is lightly wounded.
You feel sick. The adder bites you.
You hit the adder.
The adder is moderately wounded.
You feel sick.
You are no longer poisoned.
The adder bites you.
You are poisoned.
The adder poisons you! The adder closely misses you.
You aren't carrying any potions.
You aren't carrying any potions.
As you read the scroll labelled SYOTORPHYTUDIOT, it crumbles to dust.
It is a scroll of identify.
f - a scroll of immolation You feel sick.
The adder closely misses you.
As you read the scroll labelled OSTAEZXY MOMAM, it crumbles to dust.
It is a scroll of enchant weapon.
Your +0 falchion glows red for a moment.
You feel sick. The adder bites you but does no damage.
You aren't carrying any potions.
Blink to where?
Press: ? - help, Dir - move target
As you read the scroll of blinking, it crumbles to dust.
You feel sick.
You feel sick.
Throw: 5 boomerangs (disperse)
Press: ? - help, Q - select action Shift-Dir - straight line, f - adder
Aim: an adder (moderately wounded, 38% to hit)
You throw a boomerang of dispersal.
The boomerang of dispersal hits the adder.
The adder blinks!
The adder is almost dead.
You feel sick. The adder barely misses you. The adder bites you.
* * * LOW HITPOINT WARNING * * *
You are lethally poisoned!
The adder poisons you!
Throw: 4 boomerangs (disperse)
Press: ? - help, Q - select action Shift-Dir - straight line, p - adder You throw a boomerang of dispersal.
You die...

###.♣..♣ #.######
#.h..# ##.....#
#.'..#
##.####.####h#{♣..♣
#.........hh§# ..
#.####....§##### ##
#..........
#..).....#
#@....####
############
#.S††.#
........>..#
#.#####
##########.#####.#
# #........# #
#..####### # #..# #
#..# ####### #..#


You could see an adder and 3 jackals.

Vanquished Creatures
  An adder (D:2)
  An orc (D:3)
  2 ball pythons
  4 bats
  An endoplasm (D:1)
  A giant cockroach (D:1)
  2 hobgoblins
  2 frilled lizards (D:1)
  2 kobolds
  A rat (D:1)
17 creatures vanquished.

Notes
Turn   | Place    | Note
-------+----------+-------------------------------------------
     0 | D:1      | frimble the Demonspawn Warper began the quest for the Orb.
     0 | D:1      | Reached XP level 1. HP: 16/16 MP: 3/3
   496 | D:1      | Discovered your monstrous ancestry.
   496 | D:1      | Gained mutation: You have a pair of small antennae on your
                  | head. [demonic ancestry]
   496 | D:1      | Reached XP level 2. HP: 15/22 MP: 5/5
  1109 | D:2      | You fall into a shaft and drop 1 floor!
  1370 | D:2      | Succumbed to an adder's poison

Illustrated notes

Levels and vault maps discovered:
D:1:      dpeg_arrival_arbitrary_c, layout_basic, serial_forest,
          infiniplex_forest_straight_2, infiniplex_forest_zigzag_1,
          infiniplex_forest_end_2, infiniplex_forest_lined_3_way,
          infiniplex_forest_diagonal, infiniplex_forest_clump_long,
          infiniplex_forest_lined_3, chequers_serial_rivers_micro_b
D:2:      layout_loops_ring, kennysheep_generic_room_15
D:3:      layout_loops_corners, nicolae_vehumet_altar_sigil, serial_bayou,
          serial_bayou_ford_a, serial_bayou_crossing, serial_bayou_pond_e,
          serial_bayou_lake_a, serial_shops, nicolae_shop_bloodbath_and_beyond,
          nicolae_square_shop, shop, shop

Skill      XL: |  1 |
---------------+----+-----
Long Blades    | 2 |  2.5
Dodging        | 2 |  2.5
Fighting       | |  2.0
Throwing       | |  0.8
Armour         | |  0.8
Spellcasting   | |  2.0
Translocations | |  2.6

Action                   || total
-------------------------++-------
Melee: Falchion          ||    78
Throw: Boomerang         ||     2
  Use: Scroll            ||     3
 Stab: Sleeping          ||     1
Armor: Leather armour    ||    27
Dodge: Dodged            ||    70

Table legend: (Time is in decaauts)
 A = Elapsed time spent in this place.
 B = Non-inter-level travel time spent in this place.
 C = Inter-level travel time spent in this place.
 D = Time resting spent in this place.
 E = Time spent auto-exploring this place.
 F = Levels seen in this place.
 G = Mean time per level.
                   A        B        C        D        E       F      G
               +--------+--------+--------+--------+--------+-----+--------+
         Total |   1386 |   1374 |     12 |      0 |   1213 |   3 |  462.0 |
       Dungeon |   1386 |   1374 |     12 |      0 |   1213 |   3 |  462.0 |
               +--------+--------+--------+--------+--------+-----+--------+

Top non-repeatable levels by time:
     D:1: 1117 daAuts
     D:2: 258 daAuts
     D:3: 10 daAuts
